Description

Slow opening w/o any rush. Team effort-attack is a great benefit

VOD

https://drop.sc/replay/16553875

Replay - BhySloth v Ferd v HenpeT v Thunderchild - Arctic Dream LE

Build Order

Get SALT Encoding   

  12  0:01  Probe  
  13  0:15  Probe  
  13  0:20  Pylon  
  14  0:27  Probe  
  15  0:42  Gateway  
  15  0:50  Gateway  
  15  0:55  Probe  
  15  0:56  Assimilator  
  16  1:08  Probe  
  17  1:20  Probe  
  18  1:32  Probe  
  19  1:37  Nexus  
  19  1:58  Cybernetics Core  
  19  2:03  Assimilator  
  19  2:06  Probe  
  20  2:13  Zealot  
  22  2:21  Pylon  
  22  2:25  Probe  
  23  2:35  Warp Gate (Chrono Boost)  
  23  2:39  Zealot, Pylon, Probe  
  26  2:48  Robotics Facility  
  29  3:13  Forge  
  32  3:33  Assimilator  
  32  3:39  Assimilator  
  34  3:42  Stalker  
  34  4:18  Immortal  
  42  4:41  Pylon  
  42  4:45  Photon Cannon x2  
  42  4:55  Immortal (Chrono Boost), Photon Cannon  
  46  5:04  Shield Battery x2  
  46  5:17  Photon Cannon  
  46  5:24  Sentry x2  
  46  5:26  Immortal  
  46  5:27  Pylon  
  56  5:56  Gateway x2  
  57  6:01  Photon Cannon x2  
  57  6:06  Photon Cannon  
  59  6:29  Robotics Facility  
  59  6:40  Stalker x2  
  59  6:45  Immortal  
  67  6:53  Protoss Ground Weapons Level 1  
  67  7:09  Gateway x2  
  67  7:17  Stalker x4  
  75  7:38  Immortal x2  
  75  8:04  Stalker x3  
  85  8:17  Immortal  
  89  8:34  Nexus  
  89  8:48  Assimilator x2  
  89  9:01  Protoss Shields Level 1  
  101  9:34  Immortal x2  
Spawning Tool Build Advisor. Get it on Overwolf

Go to:

Details

  • Created by: Ferd     
  • Published on: Sep 29, 2020
  • Modified on: Sep 29, 2020
  • Patch: 4.11.0
  • Difficulty: Easy
Show
View Real Time Build Order
Export as new Build Order

Comments (0)

There are no comments. Be the first!

Create an account to comment!